Map: Deathaura LE

Players

DRG - Winner!

  • Race: Zerg Zerg
  • Spawn Location: 5:00

soul

  • Race: Terran Terran
  • Spawn Location: 11:00

Event: StayAtHome Story Cup #3

VOD

Have the link to the VOD?

Description

Time

  • Played on: March 12, 2021, 8:58 a.m.
  • Length: 18:03

All games in this series

Show
View Real Time Build Order
Export as new Build Order

DRG Zerg - Winner!

Build Orders: Pool First, Muta Ling Bane 

Get SALT Encoding   

  12  0:00  Drone  
  13  0:12  Overlord  
  13  0:16  Drone  
  14  0:30  Drone x2  
  16  0:40  Spawning Pool  
  15  0:44  Drone  
  15  0:48  Drone  
  17  1:08  Hatchery  
  17  1:11  Drone  
  17  1:25  Extractor  
  17  1:27  Zergling x4  
  17  1:28  Zergling x2  
  17  1:31  Queen  
  21  1:38  Overlord  
  21  1:50  Drone  
  22  2:00  Drone  
  23  2:07  Queen  
  25  2:10  Drone  
  26  2:20  Drone  
  26  2:21  Queen  
  29  2:24  Drone  
  30  2:34  Overlord  
  30  2:36  Drone  
  30  2:39  Metabolic Boost  
  30  2:41  Drone x2  
  30  2:46  Drone x2  
  32  2:51  Overlord  
  32  2:54  Drone  
  33  2:58  Drone  
  34  3:11  Hatchery  
  33  3:13  Drone  
  33  3:14  Drone  
  33  3:18  Drone  
  36  3:23  Drone  
  36  3:24  Drone x2  
  39  3:28  Queen  
  39  3:31  Drone  
  42  3:34  Drone  
  42  3:37  Drone x2  
  45  3:41  Overlord  
  45  3:43  Drone  
  46  3:49  Drone x2  
  46  3:53  Zergling x4  
  50  3:56  Overlord  
  50  3:59  Drone  
  51  4:04  Overlord  
  51  4:06  Drone, Queen  
  51  4:08  Drone x3  
  57  4:14  Lair  
  57  4:15  Drone  
  58  4:22  Drone x4  
  62  4:26  Extractor x2  
  62  4:27  Queen  
  62  4:31  Drone x3  
  65  4:36  Overlord  
  65  4:39  Drone x2  
  65  4:40  Drone  
  65  4:41  Overlord  
  65  4:42  Drone  
  69  4:46  Queen  
  69  4:50  Zergling x2  
  72  4:54  Zergling x4  
  72  4:56  Drone x4  
  72  4:57  Extractor  
  72  4:59  Drone  
  78  5:00  Drone  
  78  5:02  Drone  
  78  5:03  Spore Crawler  
  78  5:05  Spore Crawler  
  78  5:07  Spore Crawler  
  78  5:10  Extractor  
  78  5:11  Extractor  
  78  5:14  Spire  
  74  5:16  Zergling x6  
  74  5:19  Drone  
  74  5:20  Drone x2  
  80  5:22  Zergling x2  
  80  5:23  Zergling x2  
  80  5:25  Queen  
  84  5:29  Drone  
  84  5:31  Drone  
  84  5:32  Drone x2  
  84  5:35  Queen  
  90  5:36  Drone  
  90  5:40  Spine Crawler  
  90  5:42  Overlord  
  90  5:46  Drone  
  90  5:48  Drone  
  90  5:49  Drone x2  
  94  5:52  Drone  
  94  5:54  Drone  
  94  5:55  Drone  
  95  6:02  Drone x2  
  95  6:03  Drone  
  96  6:08  Zergling x12  
  90  6:28  Mutalisk  
  90  6:29  Mutalisk x5  
  102  6:34  Baneling Nest  
  102  6:36  Mutalisk x2  
  105  6:41  Overseer  
  105  6:46  Overlord  
  104  6:47  Zerg Flyer Weapons Level 1  
  104  6:52  Overlord  
  103  6:58  Drone  
  103  6:59  Drone x2  
  103  7:01  Overlord x2  
  106  7:05  Mutalisk x4  
  114  7:11  Hatchery  
  110  7:16  Mutalisk x3  
  110  7:20  Zergling x12  
  114  7:28  Drone x3  
  115  7:31  Centrifical Hooks  
  115  7:34  Evolution Chamber  
  115  7:36  Drone x4, Evolution Chamber  
  117  7:40  Drone x2  
  119  7:48  Drone x2  
  119  7:49  Drone x2  
  119  7:51  Overlord  
  123  7:53  Mutalisk  
  123  7:54  Pneumatized Carapace  
  123  7:55  Overseer  
  123  7:58  Drone  
  123  8:05  Drone x8  
  131  8:08  Zerg Melee Weapons Level 1  
  131  8:10  Zerg Ground Armor Level 1  
  131  8:12  Baneling x5  
  131  8:18  Drone x5  
  136  8:22  Zergling x4  
  136  8:23  Overlord  
  138  8:28  Mutalisk  
  138  8:29  Mutalisk x2  
  138  8:31  Baneling x4  
  144  8:36  Extractor  
  144  8:37  Extractor  
  144  8:38  Zergling x4  
  144  8:47  Zergling x16  
  152  8:53  Drone x2  
  152  8:54  Overlord  
  152  8:59  Overlord  
  152  9:00  Infestation Pit  
  152  9:01  Overlord  
  151  9:03  Hatchery  
  151  9:04  Zerg Flyer Weapons Level 2  
  151  9:06  Overlord x2  
  151  9:07  Mutalisk  
  152  9:13  Zergling x2  
  152  9:14  Zergling x14  
  160  9:19  Zergling x2  
  160  9:20  Zergling x10  
  166  9:25  Zergling x2  
  166  9:28  Zergling x16  
  173  9:35  Drone  
  172  9:40  Hive  
  172  9:41  Zergling x18  
  181  9:50  Overlord x2  
  181  9:53  Hatchery  
  180  10:01  Baneling x17, Spore Crawler  
  180  10:03  Baneling x9  
  180  10:04  Zerg Melee Weapons Level 2  
  179  10:10  Zerg Ground Armor Level 2  
  179  10:11  Zergling x12  
  185  10:15  Zergling x8  
  185  10:20  Zergling x10  
  194  10:24  Zergling x8  
  198  10:29  Baneling x2  
  191  10:38  Zergling x22  
  191  10:40  Zergling x4  
  179  10:53  Adrenal Glands  
  179  10:55  Drone x3, Ultralisk Cavern  
  179  10:57  Baneling x18  
  181  11:09  Drone x3  
  176  11:13  Drone  
  176  11:14  Drone  
  176  11:15  Zergling x24  
  176  11:17  Spore Crawler  
  189  11:22  Baneling x9  
  188  11:33  Drone x3  
  188  11:34  Drone x2  
  188  11:36  Spine Crawler  
  188  11:37  Drone x3  
  195  11:45  Chitinous Plating  
  195  11:48  Mutalisk x2  
  195  11:51  Baneling x8  
  195  12:01  Mutalisk x4  
  199  12:20  Hatchery  
  198  12:22  Zerg Melee Weapons Level 3  
  198  12:23  Zerg Flyer Weapons Level 3  
  198  12:28  Zerg Ground Armor Level 3  
  198  12:32  Hatchery  
  176  12:37  Zergling x28  
  176  12:43  Ultralisk x2  
  197  12:47  Zergling x6  
  199  12:54  Overseer x3  
  199  13:03  Drone  
  199  13:04  Extractor, Anabolic Synthesis  
  198  13:12  Drone  
  198  13:13  Drone  
  179  13:29  Ultralisk x3  
  179  13:30  Zergling x16  
  186  13:34  Zergling x32  
  199  13:51  Baneling x28  
  199  13:57  Baneling  
  199  13:58  Baneling x8  
  199  13:59  Overseer  
  199  14:19  Hatchery  
  194  14:31  Zergling x36  
  188  14:37  Ultralisk  
  197  14:42  Mutalisk x5  
  197  14:48  Zergling x18  
  197  14:51  Zergling x12  
  199  14:56  Mutalisk x5  
  200  15:01  Zerg Flyer Armor Level 1  
  200  15:09  Baneling  
  200  15:10  Baneling  
  200  15:11  Unknown  
  200  15:12  Baneling x12  
  197  15:28  Baneling x3  
  197  15:29  Baneling x11  
  197  15:33  Zergling x4  
  192  15:53  Zergling x32  
  192  15:59  Zergling x18  
  192  16:02  Zergling x16  
  200  16:08  Baneling  
  198  16:15  Zergling x10  
  198  16:16  Zergling x6  
  188  16:26  Ultralisk x2  
  194  16:32  Zergling x2  
  194  16:33  Zergling x12  
  186  16:41  Mutalisk x8  
  186  16:46  Baneling x30  
  199  16:48  Overlord  
  199  16:52  Overlord  
  199  16:53  Baneling x7  
  199  16:57  Overlord x2  
  199  17:00  Overlord  
  199  17:02  Overseer x3  
  199  17:03  Overseer  
  187  17:22  Zergling x34  
  190  17:27  Zergling x46  
  192  17:32  Mutalisk x3  
  192  17:45  Zergling x16  
Show
View Real Time Build Order
Export as new Build Order

soul Terran 

Build Orders: Command Center First (CC), Hellion Banshee 

Get SALT Encoding   

  12  0:00  SCV  
  13  0:12  SCV  
  14  0:17  Supply Depot  
  14  0:25  SCV  
  15  0:38  SCV  
  16  0:50  SCV  
  17  0:59  Command Center  
  17  1:04  SCV  
  18  1:12  Barracks  
  18  1:16  SCV  
  19  1:21  Refinery  
  19  1:28  SCV  
  19  1:30  Refinery  
  20  1:40  SCV  
  21  1:52  SCV  
  22  2:00  Reaper  
  23  2:05  Orbital Command  
  23  2:11  Orbital Command  
  23  2:19  Factory  
  23  2:26  Supply Depot  
  23  2:31  Marine  
  23  2:33  SCV  
  24  2:43  Bunker  
  23  2:45  SCV  
  23  2:47  SCV  
  23  2:50  Marine  
  26  2:57  SCV  
  27  2:59  SCV  
  28  3:08  Factory Tech Lab  
  28  3:09  Barracks Reactor, SCV  
  28  3:11  SCV  
  30  3:21  SCV  
  30  3:23  SCV  
  31  3:27  Command Center  
  31  3:33  SCV  
  32  3:35  Starport, SCV  
  33  3:45  SCV  
  33  3:47  SCV  
  35  3:50  Hellion x2  
  39  3:56  Barracks Tech Lab  
  39  3:57  SCV  
  39  3:58  Supply Depot  
  39  4:00  SCV  
  41  4:09  SCV  
  42  4:12  Hellion x2  
  42  4:13  Cloaking Field  
  46  4:19  Stimpack  
  46  4:20  Banshee, SCV  
  46  4:21  SCV  
  51  4:32  SCV, Supply Depot  
  51  4:33  Hellion  
  54  4:39  SCV, Hellion  
  54  4:41  Orbital Command  
  54  4:44  SCV  
  58  4:47  Marine  
  58  4:51  SCV  
  60  4:54  Hellion  
  60  4:55  Supply Depot  
  60  4:56  SCV  
  63  5:01  Hellion  
  63  5:02  Banshee  
  63  5:03  SCV  
  63  5:06  SCV  
  70  5:08  SCV, Barracks  
  70  5:09  Barracks  
  70  5:12  Supply Depot  
  70  5:13  Orbital Command  
  71  5:15  SCV  
  71  5:19  Engineering Bay  
  71  5:20  Refinery  
  72  5:22  Refinery, Engineering Bay  
  72  5:25  SCV  
  72  5:28  Supply Depot  
  73  5:29  SCV  
  73  5:30  Factory Reactor  
  73  5:34  Barracks  
  74  5:37  Barracks  
  74  5:38  SCV  
  75  5:43  SCV x2  
  75  5:45  Marine  
  75  5:46  Terran Infantry Weapons Level 1  
  78  5:54  SCV  
  80  5:58  Starport Reactor  
  80  5:59  SCV  
  80  6:03  SCV  
  78  6:05  Barracks Reactor x2, Combat Shield  
  78  6:06  SCV  
  78  6:09  Marine  
  78  6:11  SCV  
  77  6:15  SCV  
  74  6:20  SCV  
  74  6:23  Marine x2  
  74  6:25  SCV  
  72  6:27  SCV, Marine  
  72  6:33  SCV  
  72  6:37  Marine x2, Command Center  
  72  6:39  SCV  
  76  6:40  Marine x2  
  76  6:41  Marine  
  76  6:42  Medivac  
  76  6:45  Marine x2  
  80  6:48  Marine  
  80  6:49  Marine  
  80  6:52  Medivac  
  81  6:55  Marine x2  
  81  6:56  Terran Infantry Armor Level 1  
  81  6:58  Marine x2  
  81  6:59  SCV, Marine  
  85  7:03  Marine x2  
  85  7:06  Marine x2, Missile Turret x2  
  89  7:08  Missile Turret  
  89  7:12  Marine x2, Medivac  
  90  7:16  Marine x3  
  90  7:19  SCV x2  
  90  7:21  Marine x2  
  90  7:22  Medivac  
  90  7:24  Marine x2  
  90  7:26  SCV  
  92  7:30  Marine  
  92  7:34  Armory  
  92  7:36  Supply Depot  
  92  7:37  Supply Depot x2  
  93  7:49  Supply Depot  
  93  7:57  Marine x5, Siege Tank  
  93  7:58  SCV x2, Marine x4, Medivac  
  105  7:59  Command Center  
  109  8:12  SCV  
  107  8:15  Marine x5  
  107  8:16  Refinery, Bunker, Marine  
  107  8:17  Refinery, Factory  
  107  8:18  SCV x2  
  107  8:19  Supply Depot x2  
  115  8:22  Terran Infantry Weapons Level 2  
  115  8:24  SCV  
  115  8:29  Thor  
  115  8:30  SCV  
  115  8:33  Drilling Claws  
  120  8:34  SCV  
  120  8:37  SCV  
  120  8:38  Terran Vehicle And Ship Armor Level 1  
  122  8:46  Marauder, Marine  
  125  8:48  Marine x3  
  125  8:49  SCV  
  125  8:52  Medivac x2  
  125  8:55  SCV  
  131  8:57  Supply Depot  
  131  8:59  SCV  
  131  9:00  Supply Depot  
  131  9:01  Supply Depot x2  
  131  9:02  Factory Tech Lab  
  132  9:03  Factory Reactor  
  132  9:04  SCV  
  132  9:05  Factory  
  132  9:08  Terran Infantry Armor Level 2  
  132  9:12  Widow Mine  
  132  9:15  SCV  
  132  9:16  SCV, Marauder, Marine  
  132  9:17  Marine x3  
  138  9:18  SCV  
  138  9:20  Marine  
  138  9:23  Marine  
  144  9:28  SCV  
  144  9:30  Medivac x2  
  149  9:34  Widow Mine, SCV  
  142  9:40  Planetary Fortress, Missile Turret  
  142  9:42  Missile Turret  
  142  9:43  Widow Mine  
  144  9:47  SCV  
  144  9:48  Missile Turret  
  144  9:50  Widow Mine, SCV  
  144  9:51  Factory Tech Lab  
  144  9:52  SCV  
  149  9:55  Widow Mine  
  151  10:00  Medivac x2  
  151  10:01  SCV  
  151  10:02  Missile Turret  
  151  10:04  Widow Mine, Missile Turret  
  158  10:14  Marauder, Command Center  
  160  10:17  Refinery  
  160  10:18  Orbital Command  
  160  10:19  Supply Depot  
  160  10:21  Supply Depot  
  160  10:23  Thor  
  160  10:24  Thor  
  171  10:40  Marine x2  
  171  10:41  Marauder  
  155  10:44  SCV x3  
  155  10:46  SCV  
  155  10:48  Widow Mine  
  161  10:50  Missile Turret  
  161  10:56  SCV x3  
  164  11:02  Supply Depot  
  164  11:03  Supply Depot x2  
  164  11:04  Terran Infantry Weapons Level 3  
  164  11:08  SCV, Marine  
  164  11:10  SCV x2  
  164  11:11  Marauder  
  164  11:15  SCV  
  163  11:18  Sensor Tower  
  163  11:20  SCV  
  163  11:24  Widow Mine, SCV x2  
  163  11:25  Siege Tank  
  172  11:28  SCV  
  172  11:32  SCV  
  166  11:35  Barracks x2  
  166  11:36  SCV x2, Factory Tech Lab  
  166  11:37  Terran Vehicle And Ship Armor Level 2, Barracks  
  166  11:39  Barracks, Command Center  
  165  11:40  SCV  
  165  11:43  Medivac  
  165  11:44  SCV  
  169  11:48  SCV x2  
  169  11:52  SCV  
  172  11:56  SCV, Command Center  
  172  12:00  Marine  
  177  12:06  Siege Tank x2  
  180  12:10  Sensor Tower  
  180  12:11  Marine  
  181  12:20  Marauder  
  183  12:25  Missile Turret  
  183  12:29  Neosteel Armor, Sensor Tower, Missile Turret  
  183  12:30  Command Center  
  179  12:38  Siege Tank x2  
  179  12:41  SCV x4  
  181  12:47  Marauder  
  181  12:49  Barracks Tech Lab  
  183  12:53  SCV x3  
  183  12:58  Planetary Fortress  
  186  13:00  Orbital Command  
  186  13:01  Command Center  
  186  13:02  SCV  
  186  13:04  Missile Turret x2  
  187  13:05  SCV  
  187  13:06  Sensor Tower  
  187  13:08  SCV  
  187  13:09  Marauder  
  187  13:11  Orbital Command  
  191  13:13  SCV  
  191  13:18  Refinery, SCV, Missile Turret  
  191  13:19  Missile Turret x2  
  193  13:20  Bunker  
  193  13:22  Orbital Command  
  183  13:28  Widow Mine  
  183  13:29  Marine  
  183  13:33  Marauder, Marine  
  155  13:36  SCV x2  
  161  13:43  SCV x3  
  161  13:44  Refinery  
  161  13:45  Barracks Tech Lab x2  
  161  13:47  Marauder, Marine x6  
  172  13:50  Bunker x2  
  172  13:53  Bunker  
  172  13:54  Marauder, Bunker  
  174  14:05  Concussive Shells  
  174  14:06  Thor x2  
  174  14:07  Widow Mine x2  
  174  14:08  Marauder, Ghost Academy  
  174  14:09  Marauder  
  188  14:12  Missile Turret  
  188  14:16  Marauder  
  190  14:17  Orbital Command, Missile Turret x2  
  190  14:18  Missile Turret  
  190  14:19  Orbital Command  
  190  14:20  Command Center  
  190  14:28  Marauder, Marine  
  190  14:31  Marine  
  178  14:34  Marine  
  162  14:44  Widow Mine x2  
  164  14:49  Widow Mine x2  
  156  14:52  Ghost  
  156  14:53  Marine x7, Ghost x3  
  156  14:56  Missile Turret x3  
  156  14:58  Refinery  
  156  14:59  SCV x6  
  162  15:03  Orbital Command  
  162  15:04  Orbital Command  
  166  15:09  Missile Turret  
  166  15:11  SCV x3, Missile Turret  
  166  15:12  Sensor Tower  
  166  15:14  SCV  
  173  15:18  SCV  
  173  15:21  Siege Tank x2  
  173  15:30  Refinery  
  173  15:31  Refinery  
  173  15:34  Bunker  
  173  15:36  Refinery, Marauder  
  173  15:37  Marauder x3  
  181  15:45  Refinery  
  171  15:53  Siege Tank  
  151  15:58  Marauder x2  
  151  15:59  Marauder, Marine  
  151  16:02  Command Center  
  151  16:03  Marine  
  151  16:04  Marauder  
  159  16:08  Marine x5  
  155  16:12  Widow Mine  
  155  16:16  Widow Mine  
  155  16:18  Marine  
  156  16:19  Marauder x2  
  156  16:20  Marauder, Marine  
  156  16:23  Marine  
  156  16:25  Marauder  
  160  16:26  Marine x2  
  133  16:33  Widow Mine  
  133  16:39  Marine  
  132  16:40  Marine  
  132  16:41  Marauder x2  
  132  16:42  Marauder  
  132  16:44  Marine  
  142  16:49  Sensor Tower  
  142  16:52  Widow Mine x2  
  144  17:00  Planetary Fortress  
  144  17:06  SCV x5  
  144  17:07  Marauder x3  
  155  17:14  Marine  
  108  17:30  SCV  
  108  17:31  Missile Turret  
  108  17:32  Widow Mine x4  
  108  17:33  Ghost x4  
  108  17:34  Marine x2  
  115  17:44  Marine  
Tags
 
Add a new tag
Caveats
  • Supply blocks, unpowered buildings, or Contaminate may cause inaccurate times.
  • Supply counts are checked every 10 seconds.